APP
ELIZABETHTON TWINS @ SEATTLE (APP) MARINERS
07/31/2044
 
TOP OF THE 1ST
Elizabethton Twins batting - Pitching for Seattle (APP) Mariners : RHP Ian Gaines
Pitching: RHP Ian Gaines
Batting: RHB Andrew Nicol 0-0: Called Strike
0-1: Foul Ball, location: 2F
0-2: Foul Ball, location: 2F
0-2: Foul Ball, location: 2F
0-2: Fly out, F9 (Flyball, 89S, EV 83.1 MPH)
Batting: LHB David Campbell 0-0: Ground out 6-3 (Groundball, 6S, EV 72.5 MPH)
Batting: SHB Dan Morataya 0-0: Ball
1-0: Ball
2-0: Ball
3-0: Foul Ball, location: 2F
3-1: Foul Ball, location: 2F
3-2: Base on Balls
Batting: RHB Nick Phipps 0-0: Ball
1-0: Ball
2-0: SINGLE (Groundball, 34D, EV 100.6 MPH)
Dan Morataya to second
Runner from 2nd tries for 3rd, SAFE, throw by RF made to third
Nick Phipps to second
Batting: RHB Jimmy Mayville 0-0: Ball
1-0: Foul Ball, location: 2F
1-1: Foul Ball, location: 2F
1-2: Ball
2-2: Ball
3-2: Ground out 4-3 (Groundball, 4, EV 80.0 MPH)
Top of the 1st over - 0 runs, 1 hit, 0 errors, 2 left on base; Elizabethton 0 - Seattle (APP) 0
BOTTOM OF THE 1ST
Seattle (APP) Mariners batting - Pitching for Elizabethton Twins : RHP Bud Puffer
Pitching: RHP Bud Puffer
Batting: RHB Kikuo Sato 0-0: Ball
1-0: Foul Ball, location: 2F
1-1: Ball
2-1: Ball
3-1: Ground out 5-3 (Groundball, 56, EV 78.1 MPH)
Batting: RHB Mike Conaway 0-0: Ball
1-0: Ball
2-0: Foul Ball, location: 2F
2-1: Foul Ball, location: 2F
2-2: Ball
3-2: Foul Ball, location: 2F
3-2: Ground out 6-3 (Groundball, 6MS, EV 85.6 MPH)
Batting: RHB Tze-meng Li 0-0: Ball
1-0: Called Strike
1-1: Ball
2-1: Ball
3-1: Foul Ball, location: 2F
3-2: Base on Balls
Batting: LHB Ryan Lowe 0-0: Ball
1-0: Called Strike
Tze-meng Li is caught stealing 2nd base 2-6
Bottom of the 1st over - 0 runs, 0 hits, 0 errors, 0 left on base; Elizabethton 0 - Seattle (APP) 0
TOP OF THE 2ND
Elizabethton Twins batting - Pitching for Seattle (APP) Mariners : RHP Ian Gaines
Batting: RHB Alex Belton 0-0: Foul Ball, location: 2F
0-1: Ball
1-1: Ball
2-1: Swinging Strike
2-2: Fly out, F7 (Flyball, 7, EV 82.5 MPH)
Batting: RHB Andrew Rich 0-0: Ball
1-0: Called Strike
1-1: Ground out 5-3 (Groundball, 56, EV 111.9 MPH)
Batting: LHB Jose Cotto 0-0: Ball
1-0: Ball
2-0: Ball
3-0: Base on Balls
Batting: SHB Nate Januchowski 0-0: Called Strike
0-1: Ball
1-1: Foul Ball, location: 2F
1-2: Ball
2-2: Ground out 4-3 (Groundball, 13, EV 90.6 MPH)
Top of the 2nd over - 0 runs, 0 hits, 0 errors, 1 left on base; Elizabethton 0 - Seattle (APP) 0
BOTTOM OF THE 2ND
Seattle (APP) Mariners batting - Pitching for Elizabethton Twins : RHP Bud Puffer
Batting: LHB Ryan Lowe 0-0: Called Strike
0-1: Ball
1-1: Foul Ball, location: 2F
1-2: Ball
2-2: Ball
3-2: Base on Balls
Batting: RHB Chris Olheiser 0-0: Called Strike
0-1: Ball
1-1: Foul Ball, location: 2F
1-2: Ball
2-2: Ball
3-2: Foul Ball, location: 2F
3-2: Base on Balls
Ryan Lowe to second
Pitching: RHP Jon Hice
Batting: SHB Tony Morales 0-0: Foul Ball, location: 2F
0-1: SINGLE (Line Drive, 3D, EV 99.4 MPH)
Ryan Lowe to third
Chris Olheiser to second
Batting: RHB Ivan Davila 0-0: Called Strike
0-1: Ball
1-1: Fly out, F8 (Flyball, 8LM, EV 89.4 MPH)
Runner from 3rd tags up, SCORES, throw by CF
Batting: RHB Enrique Valdez 0-0: Ball
1-0: Ball
2-0: Ball
3-0: Called Strike
3-1: Foul Ball, location: 2F
3-2: Base on Balls
Chris Olheiser to third
Tony Morales to second
Batting: RHB John Vasquez 0-0: DOUBLE (Line Drive, 78M, EV 91.3 MPH)
Chris Olheiser scores
Tony Morales scores
Enrique Valdez to third
Batting: RHB Kikuo Sato 0-0: Fly out, F9 (Flyball, 9D, EV 95.0 MPH)
Runner from 3rd tags up, SCORES, throw by RF
John Vasquez to third
Batting: RHB Mike Conaway 0-0: Foul Ball, location: 2F
0-1: Ball
1-1: Foul Ball, location: 2F
1-2: Ground out 5-3 (Groundball, 56S, EV 68.8 MPH)
Bottom of the 2nd over - 4 runs, 2 hits, 0 errors, 1 left on base; Elizabethton 0 - Seattle (APP) 4
TOP OF THE 3RD
Elizabethton Twins batting - Pitching for Seattle (APP) Mariners : RHP Ian Gaines
Batting: RHB Andrew Nicol 0-0: Ball
1-0: Foul Ball, location: 2F
1-1: Called Strike
1-2: Foul Ball, location: 2F
1-2: Strikes out swinging
Batting: LHB David Campbell 0-0: Ball
1-0: Ball
2-0: Fly out, F9 (Flyball, 89S, EV 97.5 MPH)
Batting: SHB Dan Morataya 0-0: Called Strike
0-1: Swinging Strike
0-2: Foul Ball, location: 2F
0-2: Ball
1-2: Ground out 6-3 (Groundball, 6, EV 81.9 MPH)
Top of the 3rd over - 0 runs, 0 hits, 0 errors, 0 left on base; Elizabethton 0 - Seattle (APP) 4
BOTTOM OF THE 3RD
Seattle (APP) Mariners batting - Pitching for Elizabethton Twins : RHP Jon Hice
Batting: RHB Tze-meng Li 0-0: Called Strike
0-1: Ball
1-1: Ball
2-1: Ground out U3 (Groundball, 34, EV 99.4 MPH)
Batting: LHB Ryan Lowe 0-0: Foul Ball, location: 2F
0-1: Foul Ball, location: 2F
0-2: Foul Ball, location: 2F
0-2: Ball
1-2: SOLO HOME RUN (Flyball, 78XD, EV 96.9 MPH), Distance : 394 ft
Batting: RHB Chris Olheiser 0-0: Ball
1-0: Ball
2-0: Ball
3-0: Base on Balls
Batting: SHB Tony Morales 0-0: Swinging Strike
0-1: Ball
1-1: Ball
2-1: Called Strike
2-2: Ball
3-2: 2-RUN HOME RUN (Flyball, 9LD, EV 91.9 MPH), Distance : 344 ft
Batting: RHB Ivan Davila 0-0: Hit by Pitch
Batting: RHB Enrique Valdez 0-0: Ball
1-0: Called Strike
1-1: Foul Ball, location: 2F
1-2: Foul Ball, location: 2F
1-2: Ball
2-2: Ball
3-2: SINGLE (Line Drive, 56D, EV 100.0 MPH)
Ivan Davila to second
Batting: RHB John Vasquez 0-0: Ball
1-0: Called Strike
1-1: Fly out, F8 (Flyball, 89XD, EV 105.6 MPH)
Batting: RHB Kikuo Sato 0-0: Called Strike
0-1: Ground out U3 (Groundball, 34S, EV 61.9 MPH)
Bottom of the 3rd over - 3 runs, 3 hits, 0 errors, 2 left on base; Elizabethton 0 - Seattle (APP) 7
TOP OF THE 4TH
Elizabethton Twins batting - Pitching for Seattle (APP) Mariners : RHP Ian Gaines
Batting: RHB Nick Phipps 0-0: Called Strike
0-1: Hit by Pitch
Batting: RHB Jimmy Mayville 0-0: Ball
Nick Phipps is caught stealing 2nd base 2-4
1-0: Swinging Strike
1-1: Ball
2-1: Called Strike
2-2: Ball
3-2: Strikes out looking
Batting: RHB Alex Belton 0-0: Called Strike
0-1: Called Strike
0-2: Ground out 4-3 (Groundball, 4, EV 88.8 MPH)
Top of the 4th over - 0 runs, 0 hits, 0 errors, 0 left on base; Elizabethton 0 - Seattle (APP) 7
BOTTOM OF THE 4TH
Seattle (APP) Mariners batting - Pitching for Elizabethton Twins : RHP Jon Hice
Batting: RHB Mike Conaway 0-0: Ball
1-0: Fly out, F3 (Line Drive, 3, EV 68.8 MPH)
Batting: RHB Tze-meng Li 0-0: Ball
1-0: Ball
2-0: Ball
3-0: Called Strike
3-1: SINGLE (Flyball, 5D, EV 86.3 MPH)
Batting: LHB Ryan Lowe 0-0: Called Strike
0-1: Called Strike
0-2: Ball
1-2: Ball
2-2: Ball
3-2: Base on Balls
Tze-meng Li to second
Pitching: RHP Miguel Cardona
Batting: RHB Chris Olheiser 0-0: Fly out, F3 (Line Drive, 3, EV 73.1 MPH)
Lined into DP, U3 (Line Drive, 3, EV 70.6 MPH)
Bottom of the 4th over - 0 runs, 1 hit, 0 errors, 1 left on base; Elizabethton 0 - Seattle (APP) 7
TOP OF THE 5TH
Elizabethton Twins batting - Pitching for Seattle (APP) Mariners : RHP Ian Gaines
Batting: RHB Andrew Rich 0-0: Called Strike
0-1: SINGLE (Groundball, 25, EV 70.0 MPH) (infield hit)
Batting: LHB Jose Cotto 0-0: Ball
1-0: Foul Ball, location: 2F
1-1: Called Strike
1-2: Ball
2-2: Ball
3-2: Foul Ball, location: 2F
3-2: SINGLE (Flyball, 7LS, EV 93.8 MPH)
Andrew Rich to second
Batting: SHB Nate Januchowski 0-0: Called Strike
0-1: Called Strike
0-2: Ball
1-2: Foul Ball, location: 2F
1-2: Foul Ball, location: 2F
1-2: Ball
2-2: Foul Ball, location: 2F
2-2: Foul Ball, location: 2F
2-2: Strikes out swinging
Batting: RHB Andrew Nicol 0-0: Ball
1-0: Ball
2-0: Called Strike
2-1: Swinging Strike
2-2: Ball
3-2: 3-RUN HOME RUN (Flyball, 7D, EV 100.0 MPH), Distance : 380 ft
Batting: LHB David Campbell 0-0: Ball
1-0: Foul Ball, location: 2F
1-1: Ball
2-1: Ground out 6-3 (Groundball, 6, EV 88.1 MPH)
Batting: SHB Dan Morataya 0-0: Called Strike
0-1: Ball
1-1: Swinging Strike
1-2: Strikes out swinging
Top of the 5th over - 3 runs, 3 hits, 0 errors, 0 left on base; Elizabethton 3 - Seattle (APP) 7
BOTTOM OF THE 5TH
Seattle (APP) Mariners batting - Pitching for Elizabethton Twins : RHP Miguel Cardona
Batting: SHB Tony Morales 0-0: Ball
1-0: Called Strike
1-1: DOUBLE (Flyball, 8RD, EV 91.9 MPH)
Batting: RHB Ivan Davila 0-0: DOUBLE (Line Drive, 7LS, EV 101.3 MPH)
Tony Morales scores
Batting: RHB Enrique Valdez 0-0: Called Strike
0-1: Ball
1-1: SINGLE (Groundball, 34D, EV 104.4 MPH)
Ivan Davila to third
Batting: RHB John Vasquez 0-0: Foul Ball, location: 2F
0-1: Ball
1-1: Fly out, F4 (Line Drive, 4, EV 63.8 MPH)
Batting: RHB Kikuo Sato 0-0: Called Strike
0-1: SINGLE (Groundball, 6MD, EV 98.1 MPH)
Ivan Davila scores
Enrique Valdez to second
Batting: RHB Mike Conaway 0-0: Fly out, F8 (Line Drive, 8RD, EV 88.8 MPH)
Batting: RHB Tze-meng Li 0-0: Called Strike
0-1: DOUBLE (Line Drive, 78D, EV 111.3 MPH)
Enrique Valdez scores
Kikuo Sato to third
Runner from 3rd tries for Home, SAFE, throw by LF to home
Batting: LHB Ryan Lowe 0-0: Ball
1-0: Ball
2-0: Called Strike
2-1: Ball
3-1: Base on Balls
Batting: RHB Chris Olheiser 0-0: DOUBLE (Flyball, 8LXD, EV 98.8 MPH)
Tze-meng Li scores
Ryan Lowe to third
Runner from 3rd tries for Home, throw by CF and OUT! 8-6-2
Bottom of the 5th over - 5 runs, 6 hits, 0 errors, 1 left on base; Elizabethton 3 - Seattle (APP) 12
TOP OF THE 6TH
Elizabethton Twins batting - Pitching for Seattle (APP) Mariners : RHP Ian Gaines
Batting: RHB Nick Phipps 0-0: Called Strike
0-1: Ball
1-1: Called Strike
1-2: Fly out, F8 (Line Drive, 8RM, EV 105.0 MPH)
Batting: RHB Jimmy Mayville 0-0: Swinging Strike
0-1: Ball
1-1: Ball
2-1: Ground out 4-3 (Groundball, 4, EV 97.5 MPH)
Batting: RHB Alex Belton 0-0: Called Strike
0-1: Ball
1-1: Fly out, F4 (Popup, 4M, EV 59.4 MPH)
Top of the 6th over - 0 runs, 0 hits, 0 errors, 0 left on base; Elizabethton 3 - Seattle (APP) 12
BOTTOM OF THE 6TH
Seattle (APP) Mariners batting - Pitching for Elizabethton Twins : RHP Miguel Cardona
Batting: SHB Tony Morales 0-0: Foul Ball, location: 2F
0-1: DOUBLE (Flyball, 8LXD, EV 98.1 MPH)
Batting: RHB Ivan Davila 0-0: Called Strike
0-1: Ball
1-1: Swinging Strike
1-2: Ground out 5-3 (Groundball, 5D, EV 86.3 MPH)
Batting: RHB Enrique Valdez 0-0: Called Strike
0-1: Called Strike
0-2: Ball
1-2: Ball
2-2: Ball
Wild Pitch!
Tony Morales to third
3-2: Foul Ball, location: 2F
3-2: Ground out U3 (Groundball, 34S, EV 81.3 MPH)
Tony Morales scores
Batting: RHB John Vasquez 0-0: Called Strike
0-1: SINGLE (Groundball, 56S, EV 68.8 MPH) (infield hit)
Pitching: RHP Miguel Castella
Batting: RHB Kikuo Sato 0-0: Swinging Strike
0-1: Fielders Choice at 2nd, 5-4 (Groundball, 56, EV 105.6 MPH)
Bottom of the 6th over - 1 run, 2 hits, 0 errors, 1 left on base; Elizabethton 3 - Seattle (APP) 13
TOP OF THE 7TH
Elizabethton Twins batting - Pitching for Seattle (APP) Mariners : RHP Ian Gaines
Pitching: RHP In Bea
Batting: RHB Andrew Rich 0-0: Ball
1-0: Foul Ball, location: 2F
1-1: Swinging Strike
1-2: Fly out, F7 (Flyball, 7D, EV 97.5 MPH)
Batting: LHB Jose Cotto 0-0: Called Strike
0-1: Foul Ball, location: 2F
0-2: Strikes out swinging
Batting: SHB Nate Januchowski 0-0: Called Strike
0-1: Ball
1-1: Foul Ball, location: 2F
1-2: Strikes out swinging
Top of the 7th over - 0 runs, 0 hits, 0 errors, 0 left on base; Elizabethton 3 - Seattle (APP) 13
BOTTOM OF THE 7TH
Seattle (APP) Mariners batting - Pitching for Elizabethton Twins : RHP Miguel Castella
Batting: RHB Mike Conaway 0-0: Called Strike
0-1: Called Strike
0-2: Ball
1-2: Foul Ball, location: 2F
1-2: Foul Ball, location: 2F
1-2: SINGLE (Flyball, 56D, EV 96.3 MPH)
Batting: RHB Tze-meng Li 0-0: Called Strike
0-1: Ball
1-1: SINGLE (Flyball, 8RS, EV 96.3 MPH)
Mike Conaway to second
Batting: LHB Ryan Lowe 0-0: Ball
1-0: Ball
2-0: Ball
3-0: Base on Balls
Mike Conaway to third
Tze-meng Li to second
Batting: RHB Chris Olheiser 0-0: Ball
1-0: DOUBLE (Line Drive, 9LS, EV 104.4 MPH)
Mike Conaway scores
Tze-meng Li scores
Ryan Lowe to third
Batting: SHB Tony Morales 0-0: Foul Ball, location: 2F
0-1: Foul Ball, location: 2F
0-2: Ball
1-2: Foul Ball, location: 2F
1-2: Foul Ball, location: 2F
1-2: Ball
2-2: Ball
3-2: Foul Ball, location: 2F
3-2: Fly out, F7 (Flyball, 7, EV 84.4 MPH)
Runner from 3rd tags up, SCORES, throw by LF
Chris Olheiser to third
Batting: RHB Ivan Davila 0-0: Swinging Strike
0-1: Swinging Strike
0-2: Foul Ball, location: 2F
0-2: Foul Ball, location: 2F
0-2: Strikes out swinging
Batting: RHB Enrique Valdez 0-0: Swinging Strike
0-1: Ball
1-1: Ball
2-1: Ball
3-1: Base on Balls
Batting: RHB John Vasquez 0-0: Fly out, F9 (Flyball, 9D, EV 83.8 MPH)
Bottom of the 7th over - 3 runs, 3 hits, 0 errors, 2 left on base; Elizabethton 3 - Seattle (APP) 16
TOP OF THE 8TH
Elizabethton Twins batting - Pitching for Seattle (APP) Mariners : RHP In Bea
Batting: RHB Andrew Nicol 0-0: Foul Ball, location: 2F
0-1: Ball
1-1: Called Strike
1-2: Ball
2-2: Ball
3-2: Fly out, F7 (Flyball, 78D, EV 88.1 MPH)
Batting: LHB David Campbell 0-0: Ball
1-0: Ball
2-0: Reached on error, E4 (Groundball, 4, EV 88.8 MPH)
Batting: SHB Dan Morataya 0-0: Ball
Wild Pitch!
David Campbell to second
1-0: Foul Ball, location: 2F
1-1: Ball
2-1: Ball
3-1: Base on Balls
Pitching: LHP Mitch Lewis
Batting: RHB Nick Phipps 0-0: Called Strike
0-1: Foul Ball, location: 2F
0-2: Ball
1-2: Foul Ball, location: 2F
1-2: Strikes out swinging
Batting: RHB Jimmy Mayville 0-0: Ball
1-0: Ball
2-0: Ball
3-0: Called Strike
3-1: Base on Balls
David Campbell to third
Dan Morataya to second
Batting: RHB Alex Belton 0-0: Ball
1-0: Called Strike
1-1: Ball
2-1: Ball
3-1: SINGLE (Line Drive, 6MD, EV 97.5 MPH)
David Campbell scores
Dan Morataya to third
Jimmy Mayville to second
Batting: RHB Andrew Rich 0-0: Called Strike
0-1: Called Strike
0-2: Strikes out looking
Top of the 8th over - 1 run, 1 hit, 1 error, 3 left on base; Elizabethton 4 - Seattle (APP) 16
BOTTOM OF THE 8TH
Seattle (APP) Mariners batting - Pitching for Elizabethton Twins : RHP Miguel Castella
Batting: RHB Kikuo Sato 0-0: Ball
1-0: Swinging Strike
1-1: Ball
2-1: Ball
3-1: Swinging Strike
3-2: Ground out 4-3 (Groundball, 4, EV 100.0 MPH)
Pitching: RHP Jorge Corte
Batting: RHB Mike Conaway 0-0: DOUBLE (Groundball, 5L, EV 98.1 MPH)
Batting: RHB Tze-meng Li 0-0: Called Strike
0-1: Ground out 6-3 (Groundball, 6, EV 85.0 MPH)
Batting: LHB Ryan Lowe 0-0: Called Strike
0-1: Ball
1-1: Ball
2-1: Ball
3-1: Base on Balls
Batting: RHB Chris Olheiser 0-0: SINGLE (Line Drive, 34D, EV 106.3 MPH)
Mike Conaway to third
Ryan Lowe to second
Batting: SHB Tony Morales 0-0: Fly out, F6 (Popup, 6D, EV 53.8 MPH)
Bottom of the 8th over - 0 runs, 2 hits, 0 errors, 3 left on base; Elizabethton 4 - Seattle (APP) 16
TOP OF THE 9TH
Elizabethton Twins batting - Pitching for Seattle (APP) Mariners : LHP Mitch Lewis
Batting: LHB Jose Cotto 0-0: Ball
1-0: Fly out, F8 (Flyball, 89XD, EV 73.1 MPH)
Batting: SHB Nate Januchowski 0-0: Ball
1-0: Swinging Strike
1-1: Called Strike
1-2: Ball
2-2: Ball
3-2: Foul Ball, location: 2F
3-2: Ground out 5-3 (Groundball, 56, EV 81.9 MPH)
Pitching: RHP Harry Hammons
Batting: RHB Andrew Nicol 0-0: Foul Ball, location: 2F
0-1: Ball
1-1: Ground out 6-3 (Groundball, 6M, EV 88.1 MPH)
Top of the 9th over - 0 runs, 0 hits, 0 errors, 0 left on base; Elizabethton 4 - Seattle (APP) 16
Thursday, March 31st , 2022 - OOTP Baseball 22.12 Build 89